 Dungeon Crawl Stone Soup version 0.30.0-13-g156ef70053 (webtiles) character file.

Game seed: 4701175254060639685

1389 SnakkuSnakku7 the Skirmisher (level 7, -9/38 HPs)
             Began as a Tengu Hexslinger on May 17, 2023.
             Was a Follower of Ru.
             Killed from afar by a steam dragon (22 damage)
             ... with a ball of steam
             ... on level 7 of the Dungeon.
             The game lasted 00:08:51 (5379 turns).

SnakkuSnakku7 the Skirmisher (Tengu Hexslinger)     Turns: 5379, Time: 00:08:51

Health: -9/38      AC:  7    Str: 10    XL:     7   Next: 68%
Magic:  9/9        EV: 15    Int: 13    God:    Ru [*.....]
Gold:   35         SH:  0    Dex: 20    Spells: 7/8 levels left

rFire   . . .        a - +1 sling
rCold   + . .        (no shield)
rNeg    . . .        v - +2 robe of Exceptional Knowledge {rCorr Dex+3 Stlth+}
rPois   .            (helmet restricted)
rElec   .            (no cloak)
rCorr   +            u - +2 pair of gloves
SInv    .            (boots unavailable)
Will    .....        (no amulet)
Stlth   +++          x - ring of protection from cold
HPRegen 0.26/turn    (no ring)
MPRegen 0.11/turn

%: no passive effects
@: flying quickly and evasively, quick
A: beak, talons 3, inexperienced 1, nimble flight
a: Renounce Religion


You were on level 7 of the Dungeon.
You worshipped Ru.
Ru was aware of your devotion.
You visited 1 branch of the dungeon, and saw 7 of its levels.

You collected 251 gold pieces.
You spent 216 gold pieces at shops.

Inventory:

Hand Weapons
 a - a +1 sling (weapon)
 o - a +3 flail of protection
 z - a +0 trident
Armour
 u - a +2 pair of gloves (worn)
 v - the +2 robe of Exceptional Knowledge (worn) {rCorr Dex+3 Stlth+}
   (You found it on level 5 of the Dungeon)

   Dex:       It affects your dexterity (+3).
   rCorr:     It protects you from acid and corrosion.
   Stlth:     It makes you more stealthy.
 w - +0 steam dragon scales
Jewellery
 x - a ring of protection from cold (left hand)
Wands
 y - a wand of charming (7)
 A - a wand of iceblast (15)
 D - a wand of flame (8)
Scrolls
 b - 2 scrolls of poison
 c - a scroll of brand weapon {unknown}
 d - a scroll of enchant armour
 e - a scroll of teleportation
 f - a scroll of noise {unknown}
 g - a scroll of fear
 h - 2 scrolls of fog
 n - a scroll of butterflies {unknown}
 p - a scroll of enchant weapon {unknown}
 s - a scroll of acquirement {unknown}
 t - a scroll of magic mapping {unknown}
Potions
 i - 2 potions of attraction
 j - 2 potions of brilliance {unknown}
 k - a potion of curing
 l - a potion of cancellation
 m - 3 potions of might {unknown}
 q - a potion of degeneration {unknown}
 r - 2 potions of mutation {unknown}
 C - a potion of haste


   Skills:
 - Level 1.0 Fighting
 + Level 11.5 Ranged Weapons
 - Level 2.1 Dodging
 - Level 1.0 Spellcasting
 - Level 2.1 Hexes


You had 7 spell levels left.
You knew the following spells:

 Your Spells              Type           Power      Damage    Failure   Level
a - Slow                  Hex            24%        N/A       12%         1

Your spell library contained the following spells:

 Spells                   Type           Power      Damage    Failure   Level
 Beastly Appendage        Tmut           0%         N/A       28%         1
 Summon Small Mammal      Summ           0%         N/A       28%         1
 Wereblood                Tmut           0%         N/A       38%         2
 Inner Flame              Hex/Fire       3%         N/A       47%         3
 Portal Projectile        Hex/Tloc       6%         N/A       47%         3
 Summon Guardian Golem    Hex/Summ       3%         N/A       47%         3
 Call Canine Familiar     Summ           0%         N/A       63%         3
 Frozen Ramparts          Ice            0%         1d1       63%         3
 Spider Form              Tmut/Pois      0%         N/A       63%         3
 Cause Fear               Hex            3%         N/A       75%         4
 Ice Form                 Ice/Tmut       0%         N/A       95%         4
 Summon Ice Beast         Ice/Summ       0%         N/A       95%         4
 Simulacrum               Ice/Necr       0%         N/A       100%        6
 Ozocubu's Refrigeration  Ice            0%         4d7       100%        7
 Polar Vortex             Ice            0%         N/A       100%        9


Dungeon Overview and Level Annotations

Branches:
Dungeon (7/15)             Temple (0/1) D:6

Altars:
Gozag
Makhleb
Ru
Uskayaw
Xom
Zin

Shops:
D:4 [*   D:5 :   D:6 !


Innate Abilities, Weirdness & Mutations

You have a beak for a mouth.
You have claws for feet.
You are somewhat inexperienced. (-1 XL)
Your magical nature lets you fly swiftly and evasively.


Message History

Aim: a steam dragon (heavily wounded, catching its breath, 66% to hit)
You shoot a sling bullet. The sling bullet hits the steam dragon.
The steam dragon is severely wounded.
You are engulfed in a cloud of scalding steam.
Fire: a) +1 sling
Press: ? - help, Q - select action, (/) - cycle Shift-Dir - straight line, f/p - steam dragon
Aim: a steam dragon (severely wounded, catching its breath, 66% to hit)
You shoot a sling bullet.
The sling bullet barely misses the steam dragon.
You are engulfed in a cloud of scalding steam.
* * * LOW HITPOINT WARNING * * *
Fire: a) +1 sling
Press: ? - help, Q - select action, (/) - cycle Shift-Dir - straight line, f/p - steam dragon
Aim: a steam dragon (steam, severely wounded, catching its breath, 66% to hit)
You shoot a sling bullet.
The sling bullet barely misses the steam dragon.
You are engulfed in a cloud of scalding steam.
The steam dragon bites you.
* * * LOW HITPOINT WARNING * * *
The steam dragon completely misses you.
You feel much better.
You are engulfed in a cloud of scalding steam.
The steam dragon misses you. The steam dragon closely misses you.
Fire: a) +1 sling
Press: ? - help, Q - select action, (/) - cycle Shift-Dir - straight line, f/p - steam dragon
Aim: a steam dragon (steam, severely wounded, 66% to hit)
You shoot a sling bullet. The sling bullet hits the steam dragon.
The steam dragon is severely wounded.
You are engulfed in a cloud of scalding steam.
The steam dragon completely misses you.
The steam dragon claws you but does no damage.
Fire: a) +1 sling
Press: ? - help, Q - select action, (/) - cycle Shift-Dir - straight line, f/p - steam dragon
Aim: a steam dragon (severely wounded, 66% to hit)
You shoot a sling bullet. The sling bullet hits the steam dragon.
The steam dragon is severely wounded.
The steam dragon breathes steam at you. The ball of steam hits you!!
Ouch! That really hurt!
You die...

.#.... .....## ......#
#.....# ## ##.#...# ..#
......#
#.########...#.### #
#.#..@D........... .###
#.#.#######...../.
....#.....).....ยงยง.##.
#..#.........#.......
#..#..#......#>##.!.<
#.....##.###.... ....
#######...#...... #.#
... #.....###.#.##.## ..
## #.....<.....# ..


You could see a steam dragon (catching breath).

Vanquished Creatures
  Maggie (D:6)
  Edmund (D:6)
  A black bear (D:5)
  Blork the orc (D:6)
  3 scorpions
  A howler monkey (D:6)
  5 hounds
  A jelly (D:4)
  An orc priest (D:3)
  Ijyb (D:5)
  7 iguanas
  An orc wizard (D:6)
  6 adders
  A white imp (D:6)
  An ufetubus (D:6)
  2 worms
  2 dart slugs
  9 orcs
  4 bats
  4 endoplasms
  3 giant cockroaches
  2 goblins
  10 hobgoblins
  6 jackals
  4 quokkas
  3 ball pythons
  3 frilled lizards
  6 kobolds
  7 rats
97 creatures vanquished.

Vanquished Creatures (others)
  An orc warrior (D:4)
  A black bear (D:7)
  A hound (D:4)
  An orc priest (D:4)
  An iguana (D:4)
  2 adders (D:4)
  An orc (D:4)
  A giant cockroach (D:4)
  A hobgoblin (D:4)
  A kobold (D:4)
11 creatures vanquished.

Grand Total: 108 creatures vanquished

Notes
Turn   | Place    | Note
-------+----------+-------------------------------------------
     0 | D:1      | SnakkuSnakku7 the Tengu Hexslinger began the quest for the
                  | Orb.
     0 | D:1      | Reached XP level 1. HP: 12/12 MP: 3/3
   126 | D:1      | Reached XP level 2. HP: 16/16 MP: 4/4
   144 | D:1      | Reached skill level 3 in Ranged Weapons
   661 | D:2      | Reached XP level 3. HP: 20/20 MP: 5/5
   919 | D:2      | Reached skill level 4 in Ranged Weapons
  1096 | D:2      | HP: 1/20 [worm (7)]
  1649 | D:3      | Reached XP level 4. HP: 23/25 MP: 6/6
  1721 | D:3      | Found a sacrificial altar of Ru.
  1860 | D:3      | Reached skill level 5 in Ranged Weapons
  1933 | D:3      | Found an opulent altar of Gozag.
  2014 | D:3      | Became a worshipper of Ru the Awakened
  2458 | D:3      | Found a burning altar of Makhleb.
  2464 | D:3      | Found a glowing silver altar of Zin.
  2464 | D:3      | Noticed an angel
  2464 | D:3      | Noticed a green death
  2636 | D:4      | Found Odghes's Assorted Antiques.
  2639 | D:4      | Bought an emerald potion for 24 gold pieces
  2639 | D:4      | Bought a scroll labelled REUCOXZACI for 27 gold pieces
  2649 | D:4      | Noticed an orc warrior
  2652 | D:4      | Gained mutation: Your magical nature lets you fly swiftly
                  | and evasively. [Tengu growth]
  2652 | D:4      | Reached XP level 5. HP: 21/29 MP: 7/7
  2656 | D:4      | Killed an orc warrior
  2659 | D:4      | Reached skill level 6 in Ranged Weapons
  2659 | D:4      | Found a shimmering altar of Xom.
  2774 | D:4      | Found Xidoemat's Antique Armour Boutique.
  2791 | D:4      | Reached XP level 6. HP: 4/34 MP: 8/8
  2940 | D:4      | Found a hide-covered altar of Uskayaw.
  3199 | D:5      | Entered Level 5 of the Dungeon
  3208 | D:5      | Reached skill level 7 in Ranged Weapons
  3223 | D:5      | Noticed a black bear
  3337 | D:5      | Found Ophe's Book Boutique.
  3389 | D:5      | Killed a black bear
  3390 | D:5      | Reached skill level 8 in Ranged Weapons
  3390 | D:5      | Reached XP level 7. HP: 17/38 MP: 9/9
  3480 | D:5      | Identified the +2 robe of Exceptional Knowledge {rCorr
                  | Dex+3 Stlth+}
  3675 | D:5      | Gained mutation: You are somewhat inexperienced. (-1 XL)
                  | [Ru sacrifice]
  3675 | D:5      | Reached XP level 6. HP: 34/34 MP: 8/8
  3675 | D:5      | Reached * piety under Ru
  4290 | D:5      | Noticed Ijyb
  4316 | D:5      | Killed Ijyb
  4397 | D:6      | Reached skill level 9 in Ranged Weapons
  4527 | D:6      | Noticed Blork the orc
  4671 | D:6      | Noticed Maggie
  4721 | D:6      | Reached XP level 7. HP: 10/38 MP: 9/9
  4841 | D:6      | Found a staircase to the Ecumenical Temple.
  4870 | D:6      | Killed Maggie
  4871 | D:6      | Reached skill level 10 in Ranged Weapons
  4913 | D:6      | Noticed Edmund
  4960 | D:6      | Killed Edmund
  4961 | D:6      | Reached skill level 11 in Ranged Weapons
  5150 | D:6      | Found Muweula's Distillery.
  5155 | D:6      | Bought a potion of heal wounds for 55 gold pieces
  5155 | D:6      | Bought a potion of haste for 110 gold pieces
  5190 | D:6      | Killed Blork the orc
  5379 | D:7      | Killed from afar by a steam dragon

Illustrated notes

Levels and vault maps discovered:
D:1:      giann_horns, layout_loops_ring
D:2:      layout_basic
D:3:      layout_loops_corners, grunt_temple_overflow_order_and_chaos_2,
          grunt_gozag_breadcrumbs, nicolae_ru_sacrificial_ziggurat
D:4:      layout_rooms, xom_confusion_cloud, eat_drink_and_be_merry_uskayaw,
          serial_shops, nicolae_shop_tiny_statue_garden, nicolae_stop_n_shop_2,
          kennysheep_generic_room_8
D:5:      layout_basic, serial_shops, shop, uniq_ijyb
D:6:      layout_cave_pools, minmay_temple_entry_fiery, serial_shops,
          nicolae_shop_hallway_plus, uniq_maggie, uniq_blork_the_orc,
          uniq_edmund
D:7:      layout_basic, marbit_many_paths, lemuel_coloured_pillars_altar,
          serial_bayou_pond_d, uniq_menkaure

Skill      XL: |  1  2  3  4  5  6  7 |
---------------+----------------------+-----
Ranged Weapons | 3 4 5 6 9 11 | 11.5
Fighting       | |  1.0
Dodging        | |  2.1
Spellcasting   | |  1.0
Hexes          | |  2.1

Action                     |  1- 3 |  4- 6 |  7- 9 || total
---------------------------+-------+-------+-------++-------
  Melee: Sling             |       |     4 |       ||     4
         Kick              |       |     1 |     1 ||     2
         Unarmed           |       |       |     9 ||     9
         Trident           |       |       |     4 ||     4
         Peck              |       |       |     2 ||     2
   Fire: Sling             |   115 |   314 |    63 ||   492
 Invoke: Sacrifice Experie |       |     1 |       ||     1
    Use: Scroll            |       |    10 |       ||    10
         Potion            |       |     3 |     4 ||     7
 Armour: Robe              |     6 |    30 |     5 ||    41
         Skin              |       |       |    15 ||    15
  Dodge: Dodged            |    37 |   105 |    18 ||   160
